 Dungeon Crawl Stone Soup version 0.25.1-2-g60ff931df9 (webtiles) character file.

Game seed: 16025991584366528278

1393 Johnny the Digger (level 8, -9/57 HPs)
             Began as a Demigod Earth Elementalist on Oct 20, 2020.
             Killed from afar by Pikel (20 damage)
             ... with a bolt of acid
             ... on level 7 of the Dungeon.
             The game lasted 00:04:31 (5864 turns).

Johnny the Digger (Demigod Earth Elementalist)      Turns: 5864, Time: 00:04:32

Health: -9/57      AC:  5    Str: 11    XL:     8   Next: 18%
Magic:  19/27      EV: 12    Int: 23    God:
Gold:   212        SH:  5    Dex: 16    Spells: 7/16 levels left

rFire    + . .     SeeInvis .   C - +6 mace "Huejig" {vorpal, rElec rF+}
rCold    + . .     Gourm    .   p - +0 buckler
rNeg     . . .     Faith    .   E - +0 leather armour {rC+}
rPois    .         Spirit   .   (no helmet)
rElec    +         Reflect  .   (no cloak)
rCorr    .         Harm     .   e - +0 pair of gloves
MR       .....                  t - +0 pair of boots
Stlth    ++........             (no amulet)
HPRegen  0.19/turn              f - +4 ring of protection
MPRegen  0.20/turn              h - ring of magical power

@: corroded
A: high mp 1
a: no special abilities


You were on level 7 of the Dungeon.
You were hungry.

You visited 1 branch of the dungeon, and saw 7 of its levels.

You collected 212 gold pieces.

Inventory:

Hand Weapons
 o - a +5 short sword of draining
 y - a +0 spear of venom
 C - the +6 mace "Huejig" (weapon) {vorpal, rElec rF+}
   (You found it on level 6 of the Dungeon)

   It inflicts extra damage upon your enemies.
   It protects you from fire.
   It insulates you from electricity.
Missiles
 b - 164 stones (quivered)
Armour
 e - a +0 pair of gloves (worn)
 p - a +0 buckler (worn)
 t - a +0 pair of boots (worn)
 E - a +0 leather armour of cold resistance (worn)
Jewellery
 f - a +4 ring of protection (left hand)
 h - a ring of magical power (right hand)
 w - an uncursed ring of stealth {unknown}
Wands
 j - a wand of iceblast (9)
 q - a wand of digging (7)
Scrolls
 g - a scroll of immolation
 i - 2 scrolls of amnesia
 s - 3 scrolls of teleportation
 v - 3 scrolls of enchant armour
 x - a scroll of fog {unknown}
 B - a scroll of remove curse {unknown}
 D - a scroll of silence {unknown}
Potions
 a - a potion of degeneration {unknown}
 k - 2 potions of curing {unknown}
 l - a potion of cancellation {unknown}
 m - 3 potions of berserk rage {unknown}
 n - 2 potions of heal wounds
 r - a potion of magic {unknown}
 u - a potion of lignification {unknown}
 z - a potion of invisibility {unknown}
 A - a potion of haste {unknown}
Comestibles
 d - 11 rations


   Skills:
 - Level 1.7 Dodging
 - Level 1.7 Stealth
 + Level 4.2 Shields
 + Level 4.6 Spellcasting
   Level 0.8 Transmutations
 * Level 7.4 Earth Magic


You had 7 spell levels left.
You knew the following spells:

 Your Spells              Type           Power        Failure   Level  Hunger
a - Sandblast             Erth           #####.       1%          1    None
b - Stone Arrow           Conj/Erth      ###...       9%          3    ##.....
c - Lee's Rapid Deconstr  Erth           #####.....   17%         5    #####..

Your spell library contained the following spells:

 Spells                   Type           Power        Failure   Level  Hunger
 Passwall                 Tmut/Erth      ###.....     3%          2    None
 Shock                    Conj/Air       #...         13%         1    None
 Swiftness                Chrm/Air       #.......     21%         2    None
 Petrify                  Tmut/Erth      ###.....     24%         4    ####...
 Static Discharge         Conj/Air       #.......     36%         3    ##.....
 Airstrike                Air            #.........   78%         4    ####...
 Lightning Bolt           Conj/Air       #.........   98%         5    #####..


Dungeon Overview and Level Annotations

Branches:
Dungeon (7/15)             Temple (0/1) D:4

Annotations:
D:7 Pikel


Innate Abilities, Weirdness & Mutations

You have an increased reservoir of magic. (+10% MP)


Message History

You are splashed with acid!
* * * LOW HITPOINT WARNING * * *
Unknown command.
Casting: Sandblast (safe; 1% risk of failure)
Confirm with . or Enter, or press ? or * to list all spells.
Aiming: Sandblast (safe; 1% risk of failure)
Press: ? - help, Shift-Dir - straight line, f/p - Pikel
Aim: Pikel, wielding a +0 whip of electrocution, wearing a +0 robe and carrying a wand of acid (10) (almost dead)
The blast of sand hits Pikel.
Pikel is almost dead.
b - 165 stones
Casting: Sandblast (safe; 1% risk of failure)
Confirm with . or Enter, or press ? or * to list all spells.
Aiming: Sandblast (safe; 1% risk of failure)
Press: ? - help, Shift-Dir - straight line, f/p - Pikel
Aim: Pikel, wielding a +0 whip of electrocution, wearing a +0 robe and carrying a wand of acid (10) (almost dead)
The blast of sand misses Pikel.
b - 164 stones Pikel zaps a wand.
The bolt of acid hits you!!
You die...

#.##.#...###[#
###.##### #<#
#...#######.#
#............
#....#########
#....# ##...#
##..####
#...@.#
#..##K#
#..##p#
##..[p.
###.... ####..
###


You could see Pikel and 2 slaves.

Vanquished Creatures
  A hippogriff (D:7)
  2 slaves (D:7)
  3 ogres
  A centaur (D:5)
  2 scorpions
  A howler monkey (D:5)
  A bullfrog zombie (D:5)
  A crimson imp (D:5)
  3 hounds
  2 orc wizards (D:4)
  A centaur skeleton (D:4)
  3 iguanas
  5 worker ants
  2 hound zombies (D:5)
  6 gnolls
  10 adders
  A shadow imp (D:5)
  An adder zombie (D:6)
  An adder skeleton (D:5)
  A worm (D:3)
  6 leopard geckos
  19 orcs
  4 bats
  8 giant cockroaches
  5 goblins
  7 hobgoblins
  5 jackals
  11 kobolds
  6 quokkas
  A ball python (D:1)
  A frilled lizard (D:3)
  A jackal skeleton (D:6)
  4 rats (D:1)
126 creatures vanquished.

Notes
Turn   | Place    | Note
-------+----------+-------------------------------------------
     0 | D:1      | Johnny the Demigod Earth Elementalist began the quest for
                  | the Orb.
     0 | D:1      | Reached XP level 1. HP: 14/14 MP: 5/5
   136 | D:1      | You fall into a shaft and drop 1 floor!
   146 | D:2      | Reached skill level 3 in Earth Magic
   146 | D:2      | Reached XP level 2. HP: 17/20 MP: 0/7
   633 | D:1      | Reached XP level 3. HP: 25/26 MP: 9/9
  1942 | D:3      | Reached skill level 4 in Earth Magic
  1977 | D:3      | Reached XP level 4. HP: 12/33 MP: 1/10
  2164 | D:3      | Found a snail-covered altar of Cheibriados.
  2487 | D:3      | Found a shadowy altar of Dithmenos.
  2799 | D:4      | Reached skill level 1 in Shields
  2930 | D:4      | Reached XP level 5. HP: 26/38 MP: 12/12
  3177 | D:4      | Reached skill level 5 in Earth Magic
  3282 | D:4      | Reached XP level 6. HP: 26/45 MP: 4/13
  3871 | D:4      | Found a staircase to the Ecumenical Temple.
  3950 | D:5      | Entered Level 5 of the Dungeon
  3950 | D:5      | Found an ancient bone altar of Kikubaaqudgha.
  4293 | D:5      | Learned a level 3 spell: Stone Arrow
  4299 | D:5      | Learned a level 5 spell: Lee's Rapid Deconstruction
  4409 | D:5      | Reached skill level 6 in Earth Magic
  4409 | D:5      | Reached XP level 7. HP: 45/50 MP: 15/15
  5279 | D:6      | Got a twisted mace
  5299 | D:6      | Identified the +6 mace "Huejig" {vorpal, rElec rF+} (You
                  | found it on level 6 of the Dungeon)
  5737 | D:7      | Noticed a hippogriff
  5746 | D:7      | Killed a hippogriff
  5746 | D:7      | Reached skill level 7 in Earth Magic
  5746 | D:7      | Reached XP level 8. HP: 38/57 MP: 18/18
  5852 | D:7      | Noticed Pikel
  5864 | D:7      | Killed from afar by Pikel

Illustrated notes

Levels and vault maps discovered:
D:1:      dpeg_arrival_tiny_d, layout_loops_ring, hex_tiny,
          chequers_serial_rivers_marsh
D:2:      layout_basic
D:3:      layout_loops_ring, cheibriados_altar_1, marbit_many_paths,
          first_ration
D:4:      layout_loops_cross, minmay_temple_entry_poolview,
          kennysheep_generic_room_9
D:5:      layout_layer_cave, kiku_gazebo_garden_becter, serial_glass,
          glass_columns_b, glass_columns_c, glass_columns_b, glass_columns_a,
          feat_on_display, kennysheep_crisscross
D:6:      layout_gridville
D:7:      minmay_general_purpose_star, layout_loops_ring,
          chequers_temple_overflow_statue_of_worship, uniq_pikel

Skill      XL: |  1  2  3  4  5  6  7 |
---------------+----------------------+-----
Spellcasting   | 2 3 4 |  4.6
Earth Magic    | 3 4 5 6 7 |  7.4
Shields        | 1 2 3 4 |  4.2
Dodging        | |  1.7
Stealth        | |  1.7
Transmutations | |  0.8

Action                   |  1- 3 |  4- 6 |  7- 9 || total
-------------------------+-------+-------+-------++-------
Melee: Unarmed           |     8 |       |       ||     8
       Short sword       |   129 |   167 |    31 ||   327
       Mace              |       |       |    18 ||    18
 Cast: Sandblast         |    16 |    28 |    35 ||    79
Evoke: Wand              |       |       |     1 ||     1
  Use: Scroll            |       |    10 |       ||    10
 Stab: Sleeping          |     5 |     8 |       ||    13
  Eat: Chunk             |     4 |     7 |     4 ||    15
Armor: Robe              |    45 |    57 |    18 ||   120
       Leather armour    |       |       |     5 ||     5
Dodge: Dodged            |    95 |    89 |    44 ||   228
Block: Buckler           |    11 |    27 |    17 ||    55
